 Dungeon Crawl Stone Soup version 0.24.0-28-g17ded55e90 (webtiles) character file.

Game seed: 9853010735847009183, levelgen mode: deterministic

3577 Aelig the Martial Artist (level 9, -5/63 HPs)
             Began as a Demigod Transmuter on Nov 11, 2019.
             Slain by Erica
             ... wielding a +3 scimitar of flaming
              (15 damage)
             ... on level 8 of the Dungeon.
             The game lasted 00:23:53 (10060 turns).

Aelig the Martial Artist (Demigod Transmuter)      Turns: 10060, Time: 00:23:54

Health: -5/63      AC:  2    Str: 13    XL:     9   Next: 54%
Magic:  23/23      EV: 20    Int: 21    God:
Gold:   502        SH:  0    Dex: 23    Spells: 5/11 levels left

rFire    . . .     SeeInvis .     - Unarmed
rCold    . . .     Gourm    .   (shield currently unavailable)
rNeg     . . .     Faith    .   (armour currently unavailable)
rPois    x         Spirit   .   (helmet currently unavailable)
rElec    .         Reflect  .   (cloak currently unavailable)
rCorr    .         Harm     .   (gloves currently unavailable)
MR       +....                  (boots currently unavailable)
Stlth    ++........             (no amulet)
HPRegen  0.20/turn              j - ring of magical power
MPRegen  0.18/turn              v - ring of protection from magic

@: lethally poisoned (-5 -> -20), spider-form
A: tiny, high mp 1
a: End Transformation


You were on level 8 of the Dungeon.
You were not hungry.
You were a venomous arachnid creature.
You visited 1 branch of the dungeon, and saw 8 of its levels.

You collected 502 gold pieces.

Inventory:

Missiles
 a - 112 arrows
 s - 6 stones (quivered)
Armour
 f - the +0 robe of Nuusidol (melded) {rC+ Int+6}
   (You found it on level 7 of the Dungeon)

   It affects your intelligence (+6).
   It protects you from cold.
 k - a scarf of cloud immunity
 u - a +0 pair of boots (melded)
 w - a +2 cloak (melded)
Jewellery
 j - a ring of magical power (left front leg)
 v - a ring of protection from magic (right front leg)
Wands
 g - a wand of polymorph (4)
 l - a wand of random effects (16)
 p - a wand of disintegration (7)
 y - a wand of enslavement (4)
Scrolls
 b - a scroll of vulnerability {unknown}
 e - 5 scrolls of remove curse {unknown}
 n - 2 scrolls of teleportation {unknown}
 r - a scroll of identify
 t - 2 scrolls of blinking {unknown}
Potions
 c - 2 potions of might {unknown}
 i - a potion of cancellation
 m - 3 potions of lignification
 o - a potion of degeneration {unknown}
 q - a potion of berserk rage {unknown}
 x - a potion of flight {unknown}
Comestibles
 d - 8 rations


   Skills:
 + Level 0.8 Fighting
 - Level 1.7 Dodging
 + Level 11.7 Unarmed Combat
 - Level 1.7 Spellcasting
 + Level 5.5 Transmutations
 - Level 2.0 Poison Magic


You had 5 spell levels left.
You knew the following spells:

 Your Spells              Type           Power        Failure   Level  Hunger
a - Beastly Appendage     Tmut           ####..       7%          1    #......
b - Sticks to Snakes      Tmut           ####....     9%          2    ###....
c - Spider Form           Tmut/Pois      ###.......   24%         3    ###....

Your spell library contained the following spells:

 Spells                   Type           Power        Failure   Level  Hunger
 Corona                   Hex            #......      34%         1    #......
 Ensorcelled Hibernation  Hex/Ice        #.....       43%         2    ###....
 Confuse                  Hex            #.......     63%         3    ###....
 Dazzling Spray           Conj/Hex       #.....       63%         3    ###....
 Tukima's Dance           Hex            #.......     63%         3    ###....
 Blade Hands              Tmut           ####......   63%         5    ######.
 Ice Form                 Ice/Tmut       ##......     65%         4    #####..


Dungeon Overview and Level Annotations

Branches:
Dungeon (8/15)             Temple (0/1) D:6            Lair (0/6) D:8

Shops:
D:4 =   D:5 (   D:7 *   D:8 %

Annotations:
D:8 1 runed translucent door, Erica; ilikeclowns's ghost, novice MiFi


Innate Abilities, Weirdness & Mutations

You have an increased reservoir of magic. (+10% MP)


Message History

Erica casts a spell at you. The bolt of poison hits you!!!
You are poisoned.
Ouch! That really hurt!
* * * LOW HITPOINT WARNING * * *
You hit Erica.
Erica is almost dead.
* * * LOW HITPOINT WARNING * * *
You feel sick.
You hit Erica but do no damage.
Erica looks as sick as possible!
Erica is almost dead.
* * * LOW HITPOINT WARNING * * *
You feel sick.
Erica casts a spell.
Erica flickers and vanishes!
Deactivating autopickup; reactivate with Ctrl-A.
You barely miss something.
* * * LOW HITPOINT WARNING * * *
You feel sick. Something hits you!
You die...

.####....#......#..........##
............................#
.......#....................#
.......#....................#
.......#...................##
.......#.............##....#
##....##..........########.#
#...#...........{## #####.#
.....###........s## #PW#..#
..............)...# #8$+..#
......##.....<....# #P.#.##
).....##..........# #####
.....###..........# #...##
#..........# #####
##........## ##......##
########


There were no monsters in sight!

Vanquished Creatures
  A two-headed ogre (D:8)
  Psyche (D:8)
  A wyvern (D:8)
  A hungry ghost (D:8)
  2 phantoms
  An orc warrior (D:7)
  2 ice beasts
  3 ogres
  2 big kobolds (D:7)
  4 bullfrogs
  3 scorpions
  2 crimson imps (D:5)
  4 orc priests
  5 hounds
  Crazy Yiuf (D:7)
  A gnoll shaman (D:5)
  2 iguanas (D:7)
  4 worker ants
  7 orc wizards
  A killer bee zombie (D:7)
  A howler monkey skeleton (D:4)
  14 gnolls
  11 adders
  A river rat (D:7)
  2 shadow imps
  3 oozes
  An adder skeleton (D:6)
  5 worms
  2 dart slugs
  3 leopard geckos
  31 orcs
  9 giant cockroaches
  7 goblins
  12 hobgoblins
  10 jackals
  2 quokkas
  6 bats
  4 frilled lizards
  18 kobolds
  15 rats
205 creatures vanquished.

Vanquished Creatures (others)
  A withered plant (D:8)
1 creature vanquished.

Grand Total: 206 creatures vanquished

Notes
Turn   | Place    | Note
-------+----------+-------------------------------------------
     0 | D:1      | Aelig the Demigod Transmuter began the quest for the Orb.
     0 | D:1      | Reached XP level 1. HP: 15/15 MP: 5/5
   413 | D:1      | Reached XP level 2. HP: 18/22 MP: 5/7
  1219 | D:2      | Reached XP level 3. HP: 27/27 MP: 6/8
  1230 | D:1      | Learned a level 3 spell: Spider Form
  1636 | D:2      | Reached skill level 1 in Poison Magic
  1680 | D:2      | Found a sparkling altar of Nemelex Xobeh.
  1869 | D:2      | Found a shimmering blue altar of Sif Muna.
  1888 | D:2      | Reached XP level 4. HP: 32/34 MP: 5/9
  1920 | D:2      | Found a shattered altar of Ashenzari.
  2080 | D:2      | You fall into a shaft and drop 1 floor!
  2262 | D:2      | Found a stormy altar of Qazlal.
  2264 | D:2      | Noticed a fire elemental
  2265 | D:2      | Noticed a water elemental
  2265 | D:2      | Noticed an air elemental
  2265 | D:2      | Noticed an earth elemental
  2465 | D:3      | Reached skill level 3 in Unarmed Combat
  2737 | D:3      | Reached XP level 5. HP: 39/39 MP: 8/10
  3304 | D:4      | Noticed an ogre
  3315 | D:4      | Killed an ogre
  3315 | D:4      | Reached skill level 4 in Unarmed Combat
  3353 | D:4      | Noticed a phantom
  3392 | D:4      | Killed a phantom
  3392 | D:4      | Reached skill level 5 in Unarmed Combat
  3392 | D:4      | Reached XP level 6. HP: 29/46 MP: 8/11
  3641 | D:4      | Found Bopn's Jewellery Boutique.
  4174 | D:5      | Entered Level 5 of the Dungeon
  4480 | D:5      | Found Agelips's Weapon Shoppe.
  4507 | D:5      | Reached skill level 6 in Unarmed Combat
  4719 | D:5      | Reached XP level 7. HP: 51/51 MP: 8/12
  4940 | D:5      | Reached skill level 7 in Unarmed Combat
  5712 | D:6      | Found a burning altar of Makhleb.
  5842 | D:6      | Reached skill level 8 in Unarmed Combat
  5852 | D:6      | HP: 2/51 [bullfrog (8)]
  5865 | D:5      | HP: 1/51 [bullfrog (6)]
  6204 | D:6      | Found a staircase to the Ecumenical Temple.
  6271 | D:6      | Reached XP level 8. HP: 54/58 MP: 11/13
  6534 | D:6      | Learned a level 2 spell: Sticks to Snakes
  6941 | D:7      | HP: 2/58 [bullfrog (4)]
  6944 | D:7      | Reached skill level 9 in Unarmed Combat
  7308 | D:7      | Found Miviag's Assorted Antiques.
  7599 | D:7      | Reached skill level 10 in Unarmed Combat
  7976 | D:7      | Got a crude robe
  7987 | D:7      | Identified the +0 robe of Nuusidol {rC+ Int+6} (You found
                  | it on level 7 of the Dungeon)
  8098 | D:7      | Found a shimmering altar of Xom.
  8101 | D:7      | Found a blossoming altar of Fedhas.
  8231 | D:7      | Found an ornate altar of the Wu Jian Council.
  8342 | D:7      | Found a runed translucent door.
  8343 | D:7      | Noticed Crazy Yiuf
  8352 | D:7      | Killed Crazy Yiuf
  8609 | D:8      | Found Wede's Food Shop.
  8614 | D:8      | Noticed Psyche
  8626 | D:8      | Killed Psyche
  8626 | D:8      | Reached skill level 11 in Unarmed Combat
  8626 | D:8      | Reached XP level 9. HP: 48/63 MP: 14/14
  8635 | D:8      | Noticed a death yak
  8775 | D:8      | Noticed a two-headed ogre
  8853 | D:8      | Paralysed by fainting for 7 turns
  9131 | D:8      | Killed a two-headed ogre
  9131 | D:8      | Reached skill level 5 in Transmutations
  9257 | D:8      | Found a staircase to the Lair.
  9272 | D:8      | Noticed a death yak
  9297 | D:8      | Found a runed translucent door.
  9298 | D:8      | Noticed ilikeclowns's ghost (novice MiFi)
  9324 | D:8      | Noticed a death yak
  9376 | D:8      | Noticed Erica
 10060 | D:8      | Slain by Erica

Levels and vault maps discovered:
D:1:      ncdulo_lavacross, layout_loops_corners
D:2:      layout_loops_ring, lemuel_round_altar, nicolae_overflow_hidden_temple,
          nicolae_qazlal_style_of_elements, first_ration,
          evilmike_ruin_ashenzari
D:3:      layout_loops_ring
D:4:      layout_basic, serial_shops, nicolae_shop_window_shopping
D:5:      layout_rooms, serial_shops, nicolae_shop_crystal, minivault_26
D:6:      layout_basic, makhleb_heckhound_becter,
          minmay_temple_entry_antechambers, hangedman_abyss_or_decor_stabs
D:7:      layout_basic, gammafunk_temple_overflow_forgotten, serial_shops,
          nicolae_shop_overgrown_old_shop, st_stairs_14, uniq_crazy_yiuf_cottage
D:8:      layout_rooms, dpeg_lair_monsters, serial_shops, shop_fountains,
          gammafunk_ghost_grave, uniq_psyche, uniq_erica

Skill      XL: |  1  2  3  4  5  6  7  8  9 |
---------------+----------------------------+-----
Transmutations | 2 3 4 5 |  5.5
Poison Magic   | 1 2 |  2.0
Unarmed Combat | 3 5 6 8 11 | 11.7
Fighting       | |  0.8
Dodging        | |  1.7
Spellcasting   | |  1.7

Action                   |  1- 3 |  4- 6 |  7- 9 || total
-------------------------+-------+-------+-------++-------
Melee: Unarmed           |   148 |   182 |   322 ||   652
       Kick              |     8 |     6 |       ||    14
       Headbutt          |    11 |     4 |     2 ||    17
       Punch             |       |       |     2 ||     2
 Cast: Beastly Appendage |    20 |    11 |     6 ||    37
       Spider Form       |     5 |    18 |    39 ||    62
       Sticks to Snakes  |       |       |    10 ||    10
 Abil: End Transformatio |       |       |     1 ||     1
  Use: Scroll            |       |     8 |     1 ||     9
       Potion            |       |       |     5 ||     5
 Stab: Sleeping          |       |     2 |     1 ||     3
       Distracted        |       |       |     1 ||     1
  Eat: Chunk             |     4 |    10 |    16 ||    30
       Ration            |       |     1 |     3 ||     4
Armor: Robe              |    27 |    15 |    10 ||    52
       Skin              |     1 |     2 |    16 ||    19
Dodge: Dodged            |    88 |   110 |   295 ||   493
